Map: Heavy Artillery LE

Players

skavenb

  • Race: Protoss Protoss
  • Spawn Location: 1:00

Corentin

  • Race: Terran Terran
  • League: Diamond
  • Spawn Location: 3:00

qqq

  • Race: Zerg Zerg
  • League: Platinum
  • Spawn Location: 7:00

Massa

  • Race: Terran Terran
  • League: Platinum
  • Spawn Location: 7:00

VOD

Have the link to the VOD?

Description

Time

  • Played on: Dec. 9, 2020, 12:49 p.m.
  • Length: 13:21
Show
View Real Time Build Order
Export as new Build Order

skavenb Protoss 

Build Orders: Oracle Opening, Phoenix Opening 

Get SALT Encoding   

  12  0:00  Probe  
  13  0:12  Probe  
  14  0:17  Pylon  
  14  0:25  Probe  
  15  0:37  Probe (Chrono Boost), Gateway  
  16  0:44  Assimilator  
  16  0:49  Probe (Chrono Boost)  
  17  0:56  Probe (Chrono Boost)  
  18  0:59  Assimilator  
  18  1:04  Pylon  
  18  1:06  Probe (Chrono Boost)  
  19  1:16  Probe (Chrono Boost)  
  20  1:21  Probe (Chrono Boost)  
  20  1:25  Cybernetics Core  
  21  1:32  Probe  
  22  1:44  Probe  
  23  1:54  Nexus  
  23  2:03  Stargate  
  23  2:11  Stalker  
  25  2:27  Probe  
  25  2:29  Warp Gate  
  26  2:37  Pylon  
  26  2:40  Probe  
  27  2:47  Oracle  
  30  2:55  Stalker  
  32  3:03  Probe (Chrono Boost)  
  33  3:08  Probe (Chrono Boost)  
  34  3:15  Probe (Chrono Boost)  
  34  3:19  Probe (Chrono Boost)  
  36  3:21  Probe (Chrono Boost)  
  36  3:23  Probe (Chrono Boost)  
  36  3:24  Phoenix  
  40  3:39  Probe x2  
  42  3:49  Phoenix  
  42  3:51  Probe  
  42  3:52  Probe  
  42  3:54  Assimilator  
  46  3:58  Assimilator  
  46  4:01  Pylon  
  46  4:03  Probe  
  46  4:04  Probe  
  48  4:14  Phoenix (Chrono Boost)  
  50  4:32  Probe  
  50  4:33  Probe  
  50  4:36  Phoenix (Chrono Boost)  
  54  4:45  Probe x2  
  56  4:56  Phoenix  
  56  4:57  Probe x2  
  60  5:13  Fleet Beacon  
  60  5:14  Probe x2  
  62  5:17  Nexus  
  62  5:25  Pylon  
  62  5:28  Pylon  
  62  5:31  Pylon  
  62  5:43  Probe x2, Phoenix  
  62  5:47  Zealot  
  68  5:55  Probe x2  
  67  6:07  Probe  
  67  6:08  Probe, Phoenix  
  71  6:15  Assimilator  
  71  6:18  Anion Pulse-Crystals  
  71  6:20  Probe x2  
  71  6:22  Twilight Council  
  71  6:24  Pylon  
  73  6:28  Pylon  
  73  6:32  Probe, Pylon  
  74  6:40  Probe x2  
  74  6:44  Probe  
  74  6:45  Assimilator  
  77  6:52  Probe x2  
  79  6:55  Gateway  
  79  6:56  Probe  
  79  6:59  Pylon  
  79  7:00  Gateway  
  80  7:02  Gateway, Pylon  
  80  7:04  Probe, Gateway  
  81  7:12  Gateway  
  81  7:15  Gateway  
  81  7:16  Gateway  
  81  7:21  Gateway  
  81  7:26  Probe x3, Gateway  
  84  7:38  Probe  
  84  7:39  Charge  
  84  7:43  Templar Archives  
  85  7:47  Nexus, Forge  
  85  7:48  Pylon  
  85  7:49  Forge  
  85  7:51  Pylon  
  85  7:53  Pylon  
  85  7:54  Pylon  
  85  7:56  Pylon  
  85  7:57  Pylon  
  85  7:59  Pylon x2  
  85  8:03  Pylon  
  85  8:07  Pylon  
  85  8:11  Shield Battery  
  85  8:14  Void Ray, Shield Battery  
  89  8:33  High Templar x4  
  89  8:34  High Templar x6  
  101  8:38  Psionic Storm  
  109  8:41  Archon  
  109  8:42  Archon  
  97  9:07  Zealot x5  
  97  9:08  Zealot x5  
  115  9:18  Protoss Ground Weapons Level 1 (Chrono Boost), Protoss Ground Armor Level 1 (Chrono Boost)  
  115  9:19  Robotics Facility  
  115  9:21  Robotics Facility  
  115  9:22  Shield Battery  
  115  9:24  Blink (Chrono Boost), Shield Battery  
  115  9:26  Shield Battery  
  111  9:45  Probe  
  111  9:46  Probe x2  
  114  9:55  Assimilator  
  114  9:58  Probe x2, Assimilator  
  108  10:17  Stalker x4  
  108  10:18  Warp Prism (Chrono Boost), Stalker x6  
  126  10:22  Observer (Chrono Boost)  
  129  10:31  Probe x2  
  129  10:32  Probe  
  132  10:35  Immortal (Chrono Boost)  
  136  10:48  Void Ray  
  136  10:56  Nexus  
  140  10:58  Pylon  
  140  11:00  Pylon  
  138  11:04  Pylon  
  138  11:06  Stalker  
  138  11:07  Stalker x2  
  138  11:08  Assimilator  
  143  11:12  Photon Cannon, Assimilator  
  143  11:20  Photon Cannon  
  143  11:23  Photon Cannon  
  143  11:25  Probe  
  143  11:26  Probe x2  
  143  11:28  Photon Cannon  
  143  11:30  Nexus  
  143  11:31  Stalker  
  143  11:32  Stalker x4  
  156  11:34  Zealot  
  156  11:35  Zealot x2  
  156  11:38  Probe x3, High Templar x2  
  169  11:41  Observer x2  
  171  11:50  Pylon  
  171  11:52  Gateway  
  163  12:27  Zealot x3  
  163  12:28  Zealot x7  
  179  12:35  Tempest  
  168  12:48  Zealot x2  
  168  12:49  Zealot x7  
  168  12:50  Zealot  
  174  13:15  Zealot x5  
  174  13:16  Zealot x5  
Show
View Real Time Build Order
Export as new Build Order

Corentin Terran 

Build Orders:  

Get SALT Encoding   

  12  0:00  SCV  
  13  0:12  SCV  
  14  0:17  Supply Depot  
  14  0:24  SCV  
  14  0:27  Refinery  
  15  0:39  SCV  
  16  0:46  Barracks  
  16  0:58  SCV  
  17  1:10  SCV  
  18  1:22  SCV  
  19  1:34  Marine  
  19  1:35  Orbital Command  
  20  1:40  Factory  
  20  1:55  Marine  
  21  2:02  SCV  
  22  2:09  Command Center  
  22  2:13  Barracks Reactor  
  22  2:17  SCV  
  22  2:20  Refinery  
  23  2:27  Factory Tech Lab  
  23  2:33  Supply Depot  
  23  2:54  SCV  
  23  2:57  Marine  
  23  2:58  Marine  
  25  3:00  Widow Mine  
  25  3:04  Engineering Bay  
  27  3:06  SCV  
  27  3:09  Barracks  
  28  3:18  SCV  
  29  3:20  Marine x2  
  31  3:30  SCV  
  31  3:33  Orbital Command  
  32  3:36  Missile Turret  
  32  3:39  Marine  
  32  3:41  Marine  
  34  3:49  SCV  
  34  3:53  Orbital Command  
  34  3:55  Siege Tank  
  38  4:06  SCV  
  38  4:07  Marine x2, Missile Turret  
  42  4:10  Barracks Tech Lab  
  41  4:19  SCV  
  41  4:20  SCV  
  43  4:28  Terran Infantry Weapons Level 1  
  43  4:29  Combat Shield  
  43  4:31  SCV, Marine  
  44  4:33  Marine  
  44  4:37  Refinery  
  46  4:51  Marine  
  46  5:01  Supply Depot  
  46  5:02  Supply Depot  
  46  5:15  Starport  
  46  5:22  Missile Turret  
  46  5:23  SCV x2, Marine x3, Siege Tank  
  54  5:29  Supply Depot  
  54  5:35  SCV x2  
  56  5:40  Marine  
  57  5:45  Marine x2  
  57  5:47  SCV x2  
  57  5:48  Stimpack  
  61  5:54  Starport Reactor  
  61  5:58  Marine  
  61  5:59  SCV  
  61  6:00  SCV, Barracks  
  61  6:03  Marine x2  
  69  6:09  Widow Mine  
  68  6:12  Armory  
  68  6:16  SCV x2, Engineering Bay  
  70  6:22  Terran Infantry Armor Level 1  
  70  6:30  Supply Depot  
  70  6:35  Supply Depot  
  70  6:45  Supply Depot  
  70  6:52  Widow Mine, SCV, Marine, Medivac x2  
  70  6:53  Supply Depot  
  78  6:56  SCV, Marine x2  
  82  7:02  Refinery  
  82  7:03  Barracks Reactor  
  82  7:04  SCV  
  82  7:10  SCV, Marine  
  84  7:15  Marine  
  84  7:16  Marine  
  84  7:17  Siege Tank  
  89  7:27  Marine  
  90  7:34  Command Center  
  90  7:36  SCV x2  
  92  7:37  Terran Vehicle Weapons Level 1  
  92  7:41  Terran Infantry Weapons Level 2  
  92  7:43  Missile Turret  
  92  7:48  SCV  
  92  7:49  SCV  
  94  7:58  Liberator x2  
  100  7:59  Marine  
  100  8:00  SCV  
  100  8:04  Missile Turret  
  102  8:23  SCV x2  
  102  8:24  Missile Turret  
  102  8:26  Marine  
  98  8:41  Marine x4  
  92  8:43  Marine  
  92  8:46  SCV  
  92  8:47  SCV  
  94  8:56  SCV  
  94  8:59  Refinery, SCV, Marine x4  
  94  9:00  Refinery  
  94  9:01  Marine  
  100  9:03  SCV, Command Center  
  100  9:08  SCV  
  102  9:10  Siege Tank  
  102  9:14  Terran Infantry Armor Level 2  
  102  9:16  Marine  
  106  9:17  Marine x3  
  106  9:19  Orbital Command  
  109  9:26  Marine  
  109  9:27  Medivac x2  
  114  9:34  Marine  
  114  9:38  SCV x2  
  111  9:39  Terran Vehicle Weapons Level 2  
  111  9:50  SCV x3  
  114  9:58  Siege Tank  
  117  10:14  SCV x2, Marine x4  
  117  10:20  SCV, Barracks  
  117  10:21  Barracks x2  
  124  10:22  Barracks  
  124  10:23  Terran Infantry Weapons Level 3  
  124  10:26  SCV, Medivac x2  
  129  10:38  Factory  
  129  10:45  Starport, SCV x2  
  129  10:46  SCV  
  132  11:00  Supply Depot  
  132  11:01  Supply Depot  
  132  11:02  Supply Depot  
  132  11:06  Supply Depot  
  132  11:12  Planetary Fortress  
  132  11:14  Missile Turret  
  132  11:21  Marine x5  
  132  11:22  SCV x3  
  132  11:23  Barracks Tech Lab  
  132  11:24  Barracks Reactor, Barracks Tech Lab, Supply Depot  
  132  11:25  Barracks Tech Lab  
  140  11:26  Factory Tech Lab, Supply Depot  
  140  11:28  Starport Tech Lab  
  140  11:30  Starport Reactor  
  140  11:34  SCV, Barracks  
  140  11:36  Medivac x2  
  140  11:39  SCV, Marine  
  148  11:40  SCV  
  148  11:46  SCV  
  149  11:51  SCV  
  149  12:06  Marine x3  
  149  12:07  Marine  
  150  12:09  Medivac x2, Viking x2  
  150  12:12  Marauder, Marine  
  150  12:13  Marine  
  143  12:35  Marine x9  
  143  12:36  Marine x2  
  129  12:39  Medivac x2, Viking x2  
  129  12:42  Siege Tank  
  136  12:47  Refinery  
  136  12:48  Refinery  
  136  12:53  Marine x11  
Show
View Real Time Build Order
Export as new Build Order

qqq Zerg 

Build Orders: Hatch First, Brood Lord Corruptor 

Get SALT Encoding   

  12  0:00  Drone  
  13  0:11  Drone  
  14  0:21  Overlord  
  14  0:47  Hatchery  
  14  0:49  Extractor  
  12  0:51  Drone  
  13  1:10  Extractor  
  12  1:15  Drone x2  
  14  1:22  Spawning Pool  
  14  1:45  Drone x2  
  14  1:46  Drone  
  17  1:59  Drone  
  18  2:02  Drone  
  19  2:11  Lair  
  19  2:13  Drone  
  19  2:15  Drone  
  21  2:24  Drone  
  21  2:26  Queen  
  24  2:36  Overlord  
  24  2:38  Drone  
  24  2:40  Drone  
  26  2:56  Drone x2  
  28  2:59  Extractor  
  28  3:00  Drone x2  
  29  3:12  Spire  
  28  3:18  Drone  
  28  3:19  Drone  
  30  3:22  Drone x3  
  33  3:41  Drone x2  
  35  3:42  Drone  
  35  3:47  Extractor  
  35  3:48  Hatchery, Extractor  
  33  3:56  Overlord  
  33  3:57  Overlord  
  33  3:58  Drone  
  33  3:59  Drone  
  30  4:10  Spore Crawler  
  21  4:32  Drone x2  
  21  4:33  Drone  
  21  4:37  Drone  
  25  4:50  Drone x2  
  25  4:51  Drone  
  28  4:57  Drone  
  29  5:00  Mutalisk  
  29  5:06  Mutalisk  
  31  5:10  Drone  
  31  5:13  Drone  
  35  5:17  Mutalisk  
  35  5:21  Drone  
  38  5:23  Drone  
  38  5:26  Drone  
  40  5:29  Drone  
  40  5:33  Extractor  
  40  5:36  Corruptor  
  40  5:41  Mutalisk  
  44  5:48  Drone, Infestation Pit  
  41  6:02  Drone x2  
  41  6:04  Queen  
  42  6:06  Drone x2  
  42  6:08  Drone  
  47  6:12  Drone  
  47  6:16  Mutalisk  
  50  6:22  Corruptor  
  50  6:35  Corruptor x2  
  50  6:39  Spore Crawler  
  51  6:42  Drone, Spore Crawler  
  51  6:44  Drone  
  52  6:49  Corruptor  
  52  6:51  Drone  
  55  6:59  Drone x3  
  58  7:05  Extractor  
  57  7:08  Drone  
  57  7:11  Overlord x2  
  57  7:12  Overlord  
  58  7:28  Zerg Flyer Weapons Level 1  
  58  7:29  Hive  
  58  7:31  Drone x4  
  62  7:38  Corruptor  
  62  7:40  Drone  
  62  7:41  Drone  
  62  7:44  Drone x2  
  68  7:45  Drone  
  69  7:53  Drone  
  69  7:54  Drone  
  69  7:56  Corruptor  
  73  8:03  Overlord x2  
  69  8:31  Hatchery  
  69  8:33  Corruptor x3  
  72  8:48  Mutalisk  
  72  8:51  Drone x4  
  72  8:52  Drone  
  77  9:06  Mutalisk  
  77  9:08  Drone x5  
  84  9:16  Extractor  
  83  9:19  Viper x2  
  89  9:40  Overlord  
  89  9:41  Drone  
  89  9:43  Drone x2  
  92  9:50  Drone  
  92  9:51  Spire  
  92  9:54  Drone x3  
  92  9:55  Overlord x2  
  92  9:56  Overlord x5  
  95  10:05  Greater Spire  
  95  10:16  Spine Crawler  
  95  10:18  Mutalisk x6  
  95  10:20  Drone  
  95  10:21  Drone x3  
  110  10:26  Queen  
  110  10:27  Drone x2  
  114  10:43  Drone x2  
  114  10:46  Hatchery, Mutalisk x4  
  123  11:01  Queen  
  125  11:13  Drone  
  125  11:15  Drone x2  
  128  11:19  Corruptor x4  
  128  11:22  Brood Lord x2  
  128  11:23  Brood Lord  
  142  11:30  Extractor  
  142  11:31  Extractor  
  142  11:32  Drone  
  141  11:52  Hatchery  
  130  12:11  Brood Lord x4  
  106  12:43  Corruptor x5  
  94  12:47  Brood Lord  
Show
View Real Time Build Order
Export as new Build Order

Massa Terran 

Build Orders: 2 Factory 

Get SALT Encoding   

  12  0:00  SCV  
  13  0:12  SCV  
  14  0:18  Supply Depot  
  14  0:24  SCV  
  15  0:39  SCV  
  15  0:40  Barracks  
  16  0:45  Refinery  
  16  0:52  SCV  
  17  1:04  SCV  
  18  1:16  SCV  
  19  1:28  Reaper  
  20  1:36  Bunker  
  20  1:37  Orbital Command  
  20  1:41  Refinery  
  20  1:54  Supply Depot  
  20  2:00  Marine  
  21  2:11  Factory  
  21  2:17  SCV  
  22  2:24  Barracks Tech Lab  
  22  2:34  Factory  
  22  2:59  Barracks Reactor  
  22  3:01  Supply Depot  
  22  3:04  Hellion, Infernal Pre-Igniter  
  24  3:09  Engineering Bay  
  24  3:13  SCV  
  25  3:33  Command Center  
  25  3:34  Hellion  
  27  3:43  Hellion x2  
  31  3:55  Supply Depot  
  31  3:56  SCV, Hellion  
  31  4:00  Barracks Tech Lab  
  34  4:04  Hellion x2  
  34  4:06  Missile Turret  
  38  4:17  Hellion  
  40  4:26  Widow Mine x2  
  40  4:31  SCV  
  45  4:36  Terran Infantry Weapons Level 1  
  45  4:39  Widow Mine  
  45  4:41  Missile Turret  
  45  4:44  SCV  
  35  4:55  Marauder  
  35  4:56  Stimpack  
  35  5:04  Siege Tank  
  35  5:07  Widow Mine  
  40  5:10  Supply Depot  
  40  5:14  SCV  
  40  5:16  Orbital Command  
  41  5:26  SCV  
  41  5:27  Barracks  
  42  5:38  SCV  
  43  5:45  Armory  
  43  5:47  SCV  
  44  5:50  SCV  
  45  5:59  SCV  
  45  6:02  SCV  
  47  6:11  SCV  
  48  6:12  Siege Tank  
  48  6:15  SCV  
  48  6:17  Barracks Reactor  
  51  6:21  Command Center  
  51  6:23  SCV  
  52  6:25  Missile Turret  
  52  6:27  Refinery, SCV  
  53  6:35  SCV  
  53  6:38  Sensor Tower  
  53  6:39  SCV  
  55  6:47  Widow Mine x2, SCV  
  55  6:51  SCV  
  61  6:57  Refinery, Marine  
  61  6:58  Marine  
  61  6:59  SCV  
  64  7:03  SCV  
  64  7:06  Command Center  
  65  7:11  SCV  
  65  7:12  Combat Shield  
  69  7:15  SCV  
  69  7:16  Marauder, Marine  
  70  7:33  SCV  
  73  7:37  Marauder  
  73  7:55  Missile Turret  
  73  7:56  Marine x2  
  77  7:58  Marauder  
  77  8:00  Barracks  
  77  8:03  Barracks  
  77  8:04  Missile Turret  
  77  8:05  Barracks, Missile Turret  
  77  8:14  Barracks, Marine x2  
  81  8:20  Marauder  
  79  8:27  Missile Turret  
  79  8:28  Missile Turret  
  68  8:40  Marine x2  
  64  8:41  Marauder  
  59  8:58  Marine x2  
  59  8:59  Missile Turret  
  63  9:02  Marauder  
  63  9:07  Widow Mine x2  
  63  9:08  Siege Tank  
  70  9:12  Terran Infantry Armor Level 1  
  70  9:16  Engineering Bay, Marine x2  
  72  9:20  Barracks  
  72  9:22  Barracks Tech Lab  
  74  9:24  Marauder  
  74  9:31  Barracks Reactor  
  74  9:34  Marine  
  74  9:37  Planetary Fortress  
  75  9:39  Barracks Tech Lab  
  75  9:40  SCV x2  
  79  9:45  Marauder  
  79  9:53  Starport  
  79  9:56  Refinery  
  79  9:59  SCV  
  81  10:00  SCV  
  81  10:02  Marauder  
  81  10:03  Marine  
  81  10:07  Marauder  
  86  10:12  SCV x2  
  88  10:22  Widow Mine x2  
  88  10:24  SCV x2  
  94  10:31  Siege Tank  
  94  10:34  Marauder  
  99  10:36  Barracks Tech Lab  
  99  10:45  Supply Depot  
  99  10:46  Terran Infantry Weapons Level 2  
  99  10:47  Supply Depot  
  99  10:55  Planetary Fortress  
  99  11:00  SCV  
  100  11:05  Concussive Shells  
  100  11:06  SCV  
  100  11:07  Marauder x2, Siege Tank  
  100  11:09  SCV, Marauder  
  111  11:20  Widow Mine x2  
  115  11:35  Marauder  
  115  11:37  Supply Depot x2  
  115  11:38  Marauder  
  115  11:39  Starport Reactor  
  115  11:51  Ghost Academy  
  115  11:53  Ghost Academy  
  115  11:58  Marauder  
  115  11:59  Supply Depot, Siege Tank  
  118  12:02  Supply Depot  
  118  12:20  Marauder  
  118  12:22  Supply Depot  
  109  12:26  Supply Depot  
  86  12:31  Siege Tank  
  86  12:32  Widow Mine  
  86  12:33  Widow Mine, Marauder  
  86  12:34  Marauder x2, Marine  
  86  12:35  Marine  
  98  12:41  Marauder  
  86  12:45  Supply Depot  
  72  12:55  Marauder x2  
Tags
 
Add a new tag
Caveats
  • Supply blocks, unpowered buildings, or Contaminate may cause inaccurate times.
  • Supply counts are checked every 10 seconds.